 Dungeon Crawl Stone Soup version 0.30-a0-1014-g3371b13838 (webtiles) character file.

Game seed: 11070603654513063851

425 Ishchenko the Ruffian (level 6, 61/61 HPs)
             Began as a Troll Berserker on Apr 6, 2023.
             Was a Priest of Trog.
             Got out of the dungeon alive.
             The game lasted 00:04:47 (2515 turns).

Ishchenko the Ruffian (Troll Berserker)             Turns: 2515, Time: 00:04:47

Health: 61/61      AC:  4    Str: 28    XL:     6   Next: 64%
Magic:  5/5        EV: 10    Int:  3    God:    Trog [***...]
Gold:   158        SH:  0    Dex:  9    Spells: 5/5 levels left

rFire   . . .      SeeInvis .      - Unarmed
rCold   . . .      Faith    .    t - orb {mayhem}
rNeg    . . .      Spirit   .    a - +0 animal skin
rPois   .          Reflect  .    (helmet restricted)
rElec   .          Rampage  .    (no cloak)
rCorr   .                        (gloves unavailable)
Will    .....                    (boots unavailable)
Stlth   +                        (no amulet)
HPRegen 1.10/turn                (no ring)
MPRegen 0.09/turn                (no ring)

@: no status effects
A: large, unfitting armour, claws 3, regeneration 1, shaggy fur 1, tough skin 1
a: Renounce Religion, Berserk, Trog's Hand


You escaped.
You worshipped Trog.
Trog was most pleased with you.
You visited 1 branch of the dungeon, and saw 3 of its levels.
You also visited: Sewer.

You collected 158 gold pieces.

Inventory:

Armour
 a - a +0 animal skin (worn)
 t - an orb of mayhem (worn)
Jewellery
 d - a ring of ice
Scrolls
 c - a scroll of enchant weapon {unknown}
 f - 2 scrolls of noise
 h - 4 scrolls of magic mapping {unknown}
 i - a scroll of blinking {unknown}
 j - 2 scrolls of teleportation {unknown}
 k - 3 scrolls of identify {unknown}
 p - a scroll of fear {unknown}
 q - 2 scrolls of vulnerability {unknown}
 r - a scroll of immolation {unknown}
 s - 3 scrolls of poison {unknown}
Potions
 b - 6 potions of flight
 e - 2 potions of degeneration
 g - 2 potions of attraction {unknown}
 l - a potion of magic {unknown}
 m - a potion of brilliance {unknown}
 n - a potion of haste {unknown}
 o - 2 potions of invisibility {unknown}
 u - a potion of heal wounds {unknown}


   Skills:
 + Level 3.2 Fighting
 + Level 3.7 Dodging
 + Level 0.7 Stealth
 + Level 5.9 Unarmed Combat


You had 5 spell levels left.
You didn't know any spells.
Your spell library was empty.

Dungeon Overview and Level Annotations

Branches:
Dungeon (3/15)              Sewer (visited)

Altars:
Fedhas
Xom


Innate Abilities, Weirdness & Mutations

You are too large for most types of armour.
You have claws for hands.
Your natural rate of healing is unusually fast.
You are covered in fur. (AC +1)
You have tough skin. (AC +1)


Message History

The sky beast is moderately wounded.
The sky beast closely misses you.
You claw the sky beast!
The sky beast is heavily wounded.
You barely miss the sky beast.
The sky beast is heavily wounded.
The sky beast misses you.
You mangle the sky beast!!
You kill the sky beast!
Trog accepts your kill.
You see here 4 stones.
HP restored.
You see here a quokka corpse.
Things that are here:
a +0 leather armour; a +0 mace Done exploring.
Done exploring.
Done exploring.
Done exploring.
Done exploring.
Done exploring.
Things that are here:
a +0 leather armour; a +0 mace
There is a stone staircase leading up here.
You climb upwards.
There is a stone staircase leading down here.
There is a stone staircase leading up here.
You climb upwards.
There is a stone staircase leading down here.
You climb downwards.
There is a stone staircase leading up here.
There is a stone staircase leading up here.
You climb upwards.
There is a stone staircase leading down here.
You see here a +0 whip.
There is an open door here.
There is an open door here.
There is a staircase leading out of the dungeon here.
Are you sure you want to leave the Dungeon?
This will make you lose the game!
You have escaped!

############
#######..........#
≈≈≈≈≈≈≈.≈≈≈≈≈≈≈≈.##
####≈≈≈.≈≈≈####≈..#
#∩.####'####.@#≈#.###
#..'.......'..#≈....#
##'####'####'##≈....#
#.#.......#.#≈≈....#
#.#...8...#.#≈≈....#
#.+.#####.+.#≈≈....#
#.#...8...#.#≈≈....#
#.#.......#.#≈≈....##
##'####'####+##≈.....##


There were no monsters in sight!

Vanquished Creatures
  A sky beast (D:3)
  An orc priest (D:3)
  Jessica (D:3)
  Terence (D:3)
  10 adders
  8 river rats
  A worm (D:3)
  3 orcs (D:3)
  12 ball pythons
  6 endoplasms
  5 giant cockroaches
  7 goblins
  4 hobgoblins
  5 jackals
  7 quokkas
  5 bats
  5 frilled lizards
  3 kobolds
  5 rats
90 creatures vanquished.

Notes
Turn   | Place    | Note
-------+----------+-------------------------------------------
     0 | D:1      | Ishchenko the Troll Berserker began the quest for the Orb.
     0 | D:1      | Reached XP level 1. HP: 22/22 MP: 0/0
    82 | D:1      | You fall into a shaft and drop 1 floor!
    83 | D:2      | Found a faded altar of an unknown god.
    90 | D:2      | Reached XP level 2. HP: 27/29 MP: 1/1
   144 | D:1      | Reached XP level 3. HP: 35/36 MP: 2/2
   166 | D:1      | Reached ** piety under Trog
   921 | D:2      | Found a shimmering altar of Xom.
  1182 | D:2      | Reached XP level 4. HP: 45/45 MP: 3/3
  1301 | D:3      | Found a blossoming altar of Fedhas.
  1435 | D:3      | Noticed Terence
  1448 | D:3      | Killed Terence
  1449 | D:3      | Reached skill level 4 in Unarmed Combat
  1496 | D:3      | Found a glowing drain.
  1506 | D:3      | Reached XP level 5. HP: 46/53 MP: 4/4
  1512 | Sewer    | Entered a sewer
  1550 | Sewer    | Reached *** piety under Trog
  1735 | Sewer    | Reached skill level 5 in Unarmed Combat
  1780 | Sewer    | Reached XP level 6. HP: 61/61 MP: 5/5
  2223 | D:3      | Noticed Jessica
  2229 | D:3      | Killed Jessica
  2348 | D:3      | Noticed a sky beast
  2361 | D:3      | Killed a sky beast
  2515 | D:$      | Got out of the dungeon alive.

Illustrated notes

Levels and vault maps discovered:
D:1:      heliophobic_arrival_glass_houses, layout_rooms
D:2:      layout_basic, basic_altar, dreamdust_ecumenical_altar_statues,
          minmay_pentomino_r4
D:3:      layout_loops_cross, fedhas_altar_1, cheibrodos_sewer_entry_sluice,
          uniq_terence, uniq_jessica

Skill      XL: |  1  2  3  4  5 |
---------------+----------------+-----
Dodging        | 3 |  3.7
Fighting       | 3 |  3.2
Unarmed Combat | 4 5 |  5.9
Stealth        | |  0.7

Action                     |  1- 3 |  4- 6 || total
---------------------------+-------+-------++-------
  Melee: Unarmed           |    98 |   129 ||   227
         Punch             |     3 |     3 ||     6
   Stab: Sleeping          |     2 |       ||     2
 Armour: Animal skin       |    30 |    39 ||    69
  Dodge: Dodged            |    56 |    71 ||   127

Table legend: (Time is in decaauts)
 A = Elapsed time spent in this place.
 B = Non-inter-level travel time spent in this place.
 C = Inter-level travel time spent in this place.
 D = Time resting spent in this place.
 E = Time spent auto-exploring this place.
 F = Levels seen in this place.
 G = Mean time per level.
                   A        B        C        D        E       F      G
               +--------+--------+--------+--------+--------+-----+--------+
         Total |   2499 |   2351 |    148 |      0 |   1835 |   4 |  624.8 |
       Dungeon |   1920 |   1772 |    148 |      0 |   1422 |   3 |  640.0 |
         Sewer |    579 |    579 |      0 |      0 |    413 |   1 |  579.0 |
               +--------+--------+--------+--------+--------+-----+--------+

Top non-repeatable levels by time:
     D:2: 800 daAuts
   Sewer: 579 daAuts
     D:1: 561 daAuts
     D:3: 558 daAuts
